 Dungeon Crawl Stone Soup version 0.26-a0-651-gb41185065b (webtiles) character file.

Game seed: 11246192281927761264

55 Mesmaeker13 the Caller (level 3, 0/19 HPs)
             Began as a Deep Elf Summoner on Oct 3, 2020.
             Succumbed to an adder's poison
             ... on level 2 of the Dungeon.
             The game lasted 00:02:11 (1530 turns).

Mesmaeker13 the Caller (Deep Elf Summoner)          Turns: 1530, Time: 00:02:11

Health: 0/19       AC:  2    Str:  5    XL:     3   Next: 67%
Magic:  7/10       EV: 14    Int: 20    God:
Gold:   90         SH:  0    Dex: 15    Spells: 7/10 levels left

rFire    . . .     SeeInvis .   b - +0 dagger
rCold    . . .     Faith    .   (no shield)
rNeg     . . .     Spirit   .   a - +0 robe
rPois    .         Reflect  .   (no helmet)
rElec    .         Harm     .   (no cloak)
rCorr    .         Rampage  .   (no gloves)
MR       .....                  (no boots)
Stlth    ++........             (no amulet)
HPRegen  0.06/turn              (no ring)
MPRegen  0.12/turn              (no ring)

@: lethally poisoned (0 -> -2)
A: no striking features
a: no special abilities


You were on level 2 of the Dungeon.
You visited 1 branch of the dungeon, and saw 2 of its levels.

You collected 90 gold pieces.

Inventory:

Hand Weapons
 b - a +0 dagger (weapon)
Missiles
 e - 5 javelins (quivered)
Armour
 a - a +0 robe (worn)
Scrolls
 d - a scroll of noise {unknown}
 f - 2 scrolls of teleportation {unknown}
 g - a scroll of enchant armour {unknown}
 h - a scroll of enchant weapon {unknown}
 i - 2 scrolls of identify {unknown}
 j - a scroll of blinking {unknown}
 k - a scroll of magic mapping {unknown}


   Skills:
 + Level 3.4 Dodging
 - Level 2.4 Stealth
 + Level 4.0 Spellcasting
 + Level 5.0 Summonings


You had 7 spell levels left.
You knew the following spells:

 Your Spells              Type           Power        Failure   Level
a - Summon Small Mammal   Summ           ###.         1%          1
b - Call Imp              Summ           ###.....     2%          2

Your spell library contained the following spells:

 Spells                   Type           Power        Failure   Level
 Call Canine Familiar     Summ           ###.....     4%          3
 Summon Guardian Golem    Hex/Summ       ##......     14%         3
 Summon Ice Beast         Ice/Summ       ##......     41%         4
 Summon Lightning Spire   Summ/Air       ##......     41%         4


Dungeon Overview and Level Annotations

Branches:
Dungeon (2/15)

Altars:
Kikubaaqudgha


Message History

Your crimson imp closely misses the giant cockroach.
Your quokka barely misses the giant cockroach.
The giant cockroach misses your quokka.
Your crimson imp hits the giant cockroach.
The giant cockroach dies!
There is a lethal amount of poison in your body!
There is a lethal amount of poison in your body!
Unknown command.
There is a lethal amount of poison in your body!
Your crimson imp disappears in a puff of smoke!
* * * LOW HITPOINT WARNING * * *
You feel sick.
Your iron imp disappears in a puff of smoke!
Unknown command.
* * * LOW HITPOINT WARNING * * *
You feel sick.
Unknown command.
Unknown command.
Unknown command.
You die...

.....♣...#.#....##
.♣.♣.........♣♣...
.....###.....♣♣P..
(##..##....P♣♣♣..#
.#..........P♣...#
.....##.....♣♣P..#
##...###...P.♣♣.†#
##..# ##..P.♣.♣5#
#... ##..♣♣♣r@###
#.## ##(.......#
..# ##.P##.#.# #.
#..#....#
##..#.#†##
#.......#
#.##..#.#
#.....#.##
#.##.....#


You could see a friendly crimson imp (summoned) and a friendly quokka
(summoned).

Vanquished Creatures
  An ooze (D:2)
  2 bat skeletons (D:2)
  A ball python (D:1)
  A frilled lizard (D:1)
  2 rats (D:2)
7 creatures vanquished.

Vanquished Creatures (collateral kills)
  A vampire bat (D:2)
  An adder (D:2)
  A worm (D:1)
  A dart slug (D:1)
  A ball python (D:2)
  2 bat skeletons (D:2)
  A bat zombie (D:2)
  A giant cockroach (D:2)
  A goblin (D:1)
  3 hobgoblins
  3 jackals (D:2)
  4 bats
  A frilled lizard (D:1)
  3 kobolds
  A rat (D:1)
25 creatures vanquished.

Vanquished Creatures (others)
  2 plants (D:2)
2 creatures vanquished.

Grand Total: 34 creatures vanquished

Notes
Turn   | Place    | Note
-------+----------+-------------------------------------------
     0 | D:1      | Mesmaeker13 the Deep Elf Summoner began the quest for the
                  | Orb.
     0 | D:1      | Reached XP level 1. HP: 10/10 MP: 6/6
   477 | D:1      | Reached XP level 2. HP: 4/15 MP: 6/8
  1000 | D:1      | Learned a level 2 spell: Call Imp
  1241 | D:2      | Found an ancient bone altar of Kikubaaqudgha.
  1244 | D:2      | Noticed a vampire bat
  1264 | D:2      | Killed a vampire bat
  1264 | D:2      | Reached XP level 3. HP: 14/19 MP: 6/10
  1508 | D:2      | Reached skill level 5 in Summonings
  1530 | D:2      | Succumbed to an adder's poison

Illustrated notes

Levels and vault maps discovered:
D:1:      wander_arrival_estate, layout_basic, serial_forest,
          infiniplex_forest_3_way, infiniplex_forest_straight_2,
          infiniplex_forest_diagonal, infiniplex_forest_lined_1,
          infiniplex_forest_clump_small, infiniplex_forest_lined_4_way,
          infiniplex_forest_lined_2, infiniplex_forest_straight_4
D:2:      layout_loops_cross, kennysheep_vampire_church, serial_forest,
          infiniplex_forest_lined_ring, infiniplex_forest_clump_large,
          infiniplex_forest_clump_curved, infiniplex_forest_clump_medium,
          infiniplex_forest_clump_long, chequers_serial_rivers_micro_b,
          minmay_pentomino_r4

Skill      XL: |  1  2  3 |
---------------+----------+-----
Dodging        | 3 |  3.4
Spellcasting   | 4 |  4.0
Summonings     | 5 |  5.0
Stealth        | |  2.4

Action                   || total
-------------------------++-------
Melee: Dagger            ||    56
       Unarmed           ||     5
 Cast: Summon Small Mamm ||    17
       Call Imp          ||    11
  Use: Potion            ||     1
 Stab: Sleeping          ||     2
Armor: Robe              ||    25
Dodge: Dodged            ||    79

Table legend: (Time is in decaauts)
 A = Elapsed time spent in this place.
 B = Non-inter-level travel time spent in this place.
 C = Inter-level travel time spent in this place.
 D = Time resting spent in this place.
 E = Time spent auto-exploring this place.
 F = Levels seen in this place.
 G = Mean time per level.
                   A        B        C        D        E       F      G
               +--------+--------+--------+--------+--------+-----+--------+
         Total |   1530 |   1508 |     22 |    264 |    921 |   2 |  765.0 |
       Dungeon |   1530 |   1508 |     22 |    264 |    921 |   2 |  765.0 |
               +--------+--------+--------+--------+--------+-----+--------+

Top non-repeatable levels by time:
     D:1: 1006 daAuts
     D:2: 524 daAuts
